 Dungeon Crawl Stone Soup version 0.27.1-2-g3b301248ec (webtiles) character file.

Game seed: 10183967839821123586

12695 pkoi the Fencer (level 11, -26/82 HPs)
             Began as a Minotaur Fighter on Sept 30, 2021.
             Was a Priest of Dithmenos.
             Annihilated by a death knight (32 damage)
             ... on level 11 of the Dungeon.
             The game lasted 00:19:11 (13949 turns).

pkoi the Fencer (Minotaur Fighter)                 Turns: 13949, Time: 00:19:11

Health: -26/82     AC: 20    Str: 25    XL:     11   Next: 65%
Magic:  10/10      EV:  7    Int:  9    God:    Dithmenos [***...]
Gold:   760        SH: 13    Dex:  9    Spells: 10/10 levels left

rFire    . . .     SeeInvis .   a - +1 long sword (elec)
rCold    . . .     Faith    .   c - +1 kite shield
rNeg     . . .     Spirit   .   q - +0 plate armour
rPois    .         Reflect  .   (helmet restricted)
rElec    +         Harm     .   (no cloak)
rCorr    .         Rampage  .   v - +1 pair of gloves
Will     .....                  M - +1 pair of boots of the Journeyman {rElec Int+4}
Stlth    ..........             (no amulet)
HPRegen  0.23/turn              (no ring)
MPRegen  0.12/turn              (no ring)

@: wreathed by umbra
A: horns 2, retaliatory headbutt
a: Renounce Religion, Shadow Step


You were on level 11 of the Dungeon.
You worshipped Dithmenos.
Dithmenos was most pleased with you.
You visited 3 branches of the dungeon, and saw 14 of its levels.

You collected 760 gold pieces.

Inventory:

Hand Weapons
 a - a +1 long sword of electrocution (weapon)
 b - a +0 shortbow
Missiles
 f - 71 poisoned darts (quivered)
 l - 6 javelins
 o - 12 boomerangs
 y - 201 arrows
 K - 6 silver javelins
Armour
 c - a +1 kite shield (worn)
 q - a +0 plate armour (worn)
 v - a +1 pair of gloves (worn)
 M - the +1 pair of boots of the Journeyman (worn) {rElec Int+4}
   (You found it on level 10 of the Dungeon)

   Int:       It affects your intelligence (+4).
   rElec:     It insulates you from electricity.
Jewellery
 k - a ring of ice
 E - a ring of wizardry
 F - an amulet of magic regeneration
Wands
 m - a wand of iceblast (12)
 u - a wand of paralysis (10)
 w - a wand of flame (12)
 B - a wand of charming (9)
 G - a wand of polymorph (7)
 J - a wand of digging (5)
Scrolls
 e - 2 scrolls of amnesia
 h - 6 scrolls of teleportation
 i - a scroll of enchant weapon
 A - 2 scrolls of enchant armour
 C - 3 scrolls of fear
 I - 3 scrolls of blinking
Potions
 d - 2 potions of might
 g - 4 potions of curing {unknown}
 j - 3 potions of flight {unknown}
 n - 2 potions of haste
 p - 2 potions of resistance
 r - 2 potions of mutation {unknown}
 s - 2 potions of attraction
 t - a potion of magic
 x - 2 potions of heal wounds {unknown}
 z - 3 potions of brilliance
 D - 2 potions of berserk rage {unknown}
 H - 3 potions of lignification {unknown}


   Skills:
 - Level 3.6 Fighting
 * Level 15.3 Long Blades
 + Level 11.3 Armour
 + Level 11.7 Shields


You had 10 spell levels left.
You didn't know any spells.
Your spell library contained the following spells:

 Spells                   Type           Power      Damage    Failure   Level
 Foxfire                  Conj/Fire      0%         2x1d4     99%         1
 Sandblast                Erth           0%         2d4       99%         1
 Passwall                 Tmut/Erth      0%         N/A       100%        2
 Sublimation of Blood     Necr           0%         N/A       100%        2
 Wereblood                Tmut           0%         N/A       100%        2
 Conjure Flame            Conj/Fire      0%         6-21      100%        3
 Frozen Ramparts          Ice            0%         1d2       100%        3
 Gell's Gravitas          Tloc           0%         N/A       100%        3
 Inner Flame              Hex/Fire       0%         N/A       100%        3
 Lesser Beckoning         Tloc           0%         N/A       100%        3
 Portal Projectile        Hex/Tloc       0%         N/A       100%        3
 Teleport Other           Tloc           0%         N/A       100%        3
 Ice Form                 Ice/Tmut       0%         N/A       100%        4
 Petrify                  Tmut/Erth      0%         N/A       100%        4
 Summon Ice Beast         Ice/Summ       0%         N/A       100%        4
 Blade Hands              Tmut           0%         N/A       100%        5
 Excruciating Wounds      Necr           0%         N/A       100%        5
 Lee's Rapid Deconstruct  Erth           0%         3d5*      100%        5
 Metabolic Englaciation   Hex/Ice        0%         N/A       100%        5
 Summon Forest            Summ/Tloc      0%         N/A       100%        5
 Eringya's Noxious Bog    Tmut/Pois      0%         N/A       100%        6
 Statue Form              Tmut/Erth      0%         N/A       100%        6
 Summon Hydra             Summ           0%         N/A       100%        7


Dungeon Overview and Level Annotations

Branches:
Dungeon (11/15)            Temple (1/1) D:4            Lair (2/6) D:8
    Orc (0/2) D:10
  Swamp: Lair:2-4    Shoals: Lair:2-4     Snake: Lair:2-4    Spider: Lair:2-4

Altars:
Ashenzari
Cheibriados
Dithmenos
Elyvilon
Fedhas
Gozag
Hepliaklqana
Kikubaaqudgha
Makhleb
Nemelex Xobeh
Okawaru
Qazlal
Ru
Sif Muna
Trog
Uskayaw
Vehumet
Wu Jian
Xom
Yredelemnul
Zin
The Shining One

Shops:
D:6 !   D:8 *   D:9 [

Annotations:
D:2 1 runed translucent door, Crazy Yiuf
D:5 2 runed translucent doors
D:7 2 transporters, DemonSlayer's ghost, novice TeBe


Innate Abilities, Weirdness & Mutations

You have a pair of horns on your head.
You reflexively headbutt those who attack you in melee.


Message History

The death knight is severely wounded.
You block the death knight's attack.
You closely miss the death knight.
The death knight is severely wounded.
The death knight's dark mirror aura disappears.
The death knight barely misses you.
You hit the death knight but do no damage.
The death knight is severely wounded.
The death knight hits you but does no damage.
You hit the death knight. You headbutt the death knight.
The death knight is severely wounded.
You hit the death knight but do no damage.
Lightning courses through the death knight!
The death knight is almost dead.
The death knight completely misses you. You furiously retaliate!
You headbutt the death knight, but do no damage.
You barely miss the death knight.
The death knight is almost dead.
The death knight barely misses you.
You barely miss the death knight.
The death knight is almost dead.
You block the death knight's attack.
Your shield and plate armour prevent you from hitting the death knight.
The death knight is almost dead.
You slash the death knight! Your headbutt misses the death knight.
The death knight is almost dead.
The death knight invokes the aid of Yredelemnul against you.
You struggle to resist.
Your plate armour prevents you from hitting the death knight.
The death knight is almost dead.
The death knight invokes the aid of Yredelemnul against you.
Your body is wracked with pain!
* * * LOW HITPOINT WARNING * * *
You closely miss the death knight. Your headbutt misses the death knight.
The death knight is almost dead.
You block the death knight's attack.
You hit the death knight.
The death knight is almost dead.
The death knight hits you with a +1 great mace!!
You die...

#.......................
#.......................
#......######.§#########
#......#....#§§#........
#......#....#§§#........
#......#....#§§#........
#......#....#..#####....
#......#....#......#....
#####......@....#....###....
#.........p#....#pT..#......
#..........#....#....###....
#..........######......#....
########...............#....
#............Y..#....
#...............#####
########.............Y......
#...........................


You could see a death knight.

Vanquished Creatures
  A hydra (Lair:2)
  2 two-headed ogres (D:11)
  Nergalle (D:10)
  An ugly thing (D:11)
  A black mamba (Lair:2)
  A cane toad (Lair:1)
  A rime drake (D:8)
  An unseen horror (D:11)
  3 komodo dragons
  Grinder (D:3)
  4 blink frogs
  13 yaks
  A wraith (D:11)
  A wyvern (D:7)
  2 wargs (D:8)
  An acid dragon (D:11)
  4 water moccasins
  2 ice beasts
  4 orc warriors
  A necrophage (D:4)
  An ogre (D:6)
  A phantom (D:5)
  4 centaurs
  3 kobold brigands
  6 bullfrogs
  3 scorpions
  2 gnoll sergeants
  3 wights (D:6)
  6 howler monkeys
  A crimson imp (D:7)
  A bullfrog zombie (D:6)
  5 orc priests
  4 centaur zombies
  A centaur skeleton (D:6)
  A hound (D:5)
  2 jellies
  2 gnoll shamans
  Ijyb (D:3)
  5 orc wizards
  2 killer bee zombies
  A hound skeleton (D:5)
  A howler monkey zombie (D:6)
  Robin (D:2)
  4 adders
  18 gnolls
  2 howler monkey skeletons
  A shadow imp (D:5)
  A white imp (D:7)
  An ufetubus (D:5)
  2 adder skeletons (D:4)
  4 dart slugs
  21 orcs
  9 ball pythons
  4 endoplasms
  3 giant cockroaches
  15 goblins
  8 hobgoblins
  21 kobolds
  4 quokkas
  7 bats
  2 frilled lizards (D:2)
  3 rats
233 creatures vanquished.

Vanquished Creatures (collateral kills)
  An iguana (D:5)
  An orc (D:5)
2 creatures vanquished.

Vanquished Creatures (others)
  5 plants
5 creatures vanquished.

Grand Total: 240 creatures vanquished

Notes
Turn   | Place    | Note
-------+----------+-------------------------------------------
     0 | D:1      | pkoi the Minotaur Fighter began the quest for the Orb.
     0 | D:1      | Reached XP level 1. HP: 19/19 MP: 0/0
   188 | D:1      | Reached skill level 3 in Long Blades
   188 | D:1      | Reached XP level 2. HP: 22/26 MP: 1/1
   990 | D:2      | Reached XP level 3. HP: 31/31 MP: 2/2
  1074 | D:2      | Noticed Robin
  1092 | D:2      | Reached skill level 4 in Long Blades
  1394 | D:2      | Killed Robin
  1854 | D:2      | Found a glowing silver altar of Zin.
  1958 | D:2      | Found a runed translucent door.
  1959 | D:2      | Noticed Crazy Yiuf
  2004 | D:2      | Reached XP level 4. HP: 36/39 MP: 3/3
  2357 | D:3      | Noticed Ijyb
  2372 | D:3      | Killed Ijyb
  2373 | D:3      | Reached skill level 5 in Long Blades
  2466 | D:3      | Found a shimmering altar of Xom.
  2858 | D:3      | Found a sacrificial altar of Ru.
  2868 | D:3      | Noticed a scorpion
  2872 | D:3      | Killed a scorpion
  2873 | D:3      | Reached skill level 5 in Shields
  2873 | D:3      | Reached XP level 5. HP: 45/45 MP: 4/4
  2878 | D:3      | Became a worshipper of Ru the Awakened
  3026 | D:4      | Found an ancient bone altar of Kikubaaqudgha.
  3043 | D:4      | Noticed Grinder
  3045 | D:4      | Reached skill level 6 in Long Blades
  3050 | D:4      | Paralysed by Grinder for 4 turns
  3263 | D:4      | Paralysed by Grinder for 5 turns
  3274 | D:4      | Paralysed by Grinder for 4 turns
  3446 | D:3      | Killed Grinder
  3447 | D:3      | Reached XP level 6. HP: 39/51 MP: 5/5
  3776 | D:4      | Reached skill level 7 in Long Blades
  3845 | D:4      | Found a staircase to the Ecumenical Temple.
  3858 | Temple   | Entered the Ecumenical Temple
  3988 | Temple   | Fell from the grace of Ru
  3988 | Temple   | Became a worshipper of Dithmenos the Shadowed
  4031 | D:4      | Reached skill level 5 in Armour
  4031 | D:4      | Reached XP level 7. HP: 52/57 MP: 6/6
  4210 | D:4      | Found a basalt altar of Yredelemnul.
  4221 | D:5      | Entered Level 5 of the Dungeon
  4592 | D:5      | Reached skill level 8 in Long Blades
  4601 | D:5      | Found a runed translucent door.
  4603 | D:5      | Found a runed translucent door.
  4753 | D:6      | Found Riphu's Distillery.
  5039 | D:6      | Reached XP level 8. HP: 62/64 MP: 7/7
  5145 | D:6      | Reached * piety under Dithmenos
  5190 | D:6      | Reached skill level 9 in Long Blades
  6144 | D:7      | Reached skill level 10 in Long Blades
  6151 | D:7      | Reached XP level 9. HP: 49/70 MP: 8/8
  6313 | D:7      | Found a hazy altar of Hepliaklqana.
  6407 | D:7      | Reached skill level 11 in Long Blades
  6797 | D:7      | Found a transporter.
  6993 | D:7      | Noticed DemonSlayer's ghost (novice TeBe)
  7042 | D:7      | Found an iron altar of Okawaru.
  7043 | D:7      | Reached ** piety under Dithmenos
  7186 | D:7      | Found a transporter.
  7376 | D:8      | Found Leungo's Gadget Gallery.
  7725 | D:8      | Reached skill level 12 in Long Blades
  7762 | D:8      | Found a staircase to the Lair.
  7866 | D:8      | Reached XP level 10. HP: 67/77 MP: 9/9
  8544 | D:9      | Found Woopt's Antique Armour Shoppe.
  9149 | D:9      | Reached *** piety under Dithmenos
  9229 | D:9      | Found a radiant altar of Vehumet.
  9259 | D:10     | Entered Level 10 of the Dungeon
  9259 | D:10     | Found a staircase to the Orcish Mines.
  9561 | D:10     | Noticed Nergalle
  9562 | D:10     | Identified the +1 pair of boots of the Journeyman {rElec
                  | Int+4}
  9570 | D:10     | Killed Nergalle
  9571 | D:10     | Reached skill level 13 in Long Blades
  9571 | D:10     | Reached skill level 10 in Shields
 10263 | D:11     | Noticed a two-headed ogre
 10269 | D:11     | Killed a two-headed ogre
 10270 | D:11     | Reached skill level 10 in Armour
 10364 | D:11     | Noticed a red ugly thing
 10375 | D:11     | Killed a red ugly thing
 10572 | D:11     | Reached skill level 14 in Long Blades
 10630 | Lair:1   | Entered Level 1 of the Lair of Beasts
 10664 | D:8      | Reached XP level 11. HP: 54/82 MP: 10/10
 11715 | Lair:1   | Noticed a seven-headed hydra
 12036 | Lair:2   | Noticed a five-headed hydra
 12051 | Lair:2   | Killed a ten-headed hydra
 12536 | Lair:1   | Reached skill level 15 in Long Blades
 13340 | D:11     | Noticed a death knight
 13501 | D:11     | Noticed a two-headed ogre
 13512 | D:11     | Killed a two-headed ogre
 13949 | D:11     | Annihilated by a death knight

Illustrated notes

Levels and vault maps discovered:
D:1:      dpeg_arrival_three_same_balls, layout_basic
D:2:      layout_loops_ring, basic_altar, minmay_tetromino_t2,
          uniq_crazy_yiuf_cottage, uniq_robin
D:3:      layout_rooms, nicolae_ru_sacrificial_ziggurat,
          mainiacjoe_overflow_chevrons, kennysheep_path_1, uniq_ijyb
D:4:      layout_loops_cross, old_standard_altar, mainiacjoe_overflow_alcove_4,
          minmay_temple_entry_statues_pillars, uniq_grinder
D:5:      lemuel_insect_pit, layout_cave_pools, minmay_misc_feat_rows
D:6:      layout_rooms, serial_shops, shop
D:7:      layout_basic, nicolae_hepliaklqana_hazy_memory,
          mainiacjoe_overflow_24_doors, gammafunk_ghost_hive,
          minmay_fire_ice_demons
D:8:      layout_basic, erik_lair_orcish_takeover, minivault_26,
          nicolae_shop_gadgets
D:9:      layout_basic, lemuel_coloured_pillars_altar, serial_shops, shop,
          due_unseen_surprise
D:10:     layout_loops_ring, orc_0_dummy, uniq_nergalle
D:11:     layout_irregular_city
Temple:   regret_index_temple_waves
Lair:1:   layout_regular_city, guppyfry_lair_drakes
Lair:2:   wander_river, layout_cave_shapes

Skill      XL: |  1  2  3  4  5  6  7  8  9 10 11 |
---------------+----------------------------------+-----
Long Blades    | 3 4 5 6 7 8 10 12 14 15 | 15.3
Shields        | 4 5 6 8 9 10 11 | 11.7
Armour         | 4 5 7 8 10 11 | 11.3
Fighting       | |  3.6

Action                   |  1- 3 |  4- 6 |  7- 9 | 10-12 || total
-------------------------+-------+-------+-------+-------++-------
Melee: Long sword        |    97 |   126 |   283 |   301 ||   807
       Headbutt          |    13 |    30 |    64 |    54 ||   161
Evoke: Wand              |       |       |       |     5 ||     5
  Use: Scroll            |     1 |     3 |     6 |     9 ||    19
Armor: Scale mail        |    54 |    29 |       |       ||    83
       Plate armour      |       |    50 |   136 |   116 ||   302
Dodge: Dodged            |    30 |    39 |    58 |    48 ||   175
Block: Kite shield       |    58 |    55 |   160 |   142 ||   415
       Rpst.: Long sword |    10 |    12 |    22 |    16 ||    60
